 Dungeon Sprint DCSS version 0.17-a0-1337-ge651487 (webtiles) character file.

14394 Kidiri the Unseen (level 11, -2/47 HPs)
             Began as a Spriggan Enchanter on June 10, 2015.
             Was the Champion of Dithmenos.
             Slain by Norris
             ... wielding a +0 falchion of holy wrath
              (35 damage)
             ... in the Dungeon (Sprint I: "Red Sonja").
             The game lasted 00:27:48 (3675 turns).

Kidiri the Unseen (Spriggan Enchanter)              Turns: 3675, Time: 00:27:48

Health: -2/47      AC:  3    Str: 14    XL:     11   Next: 88%
Magic:  6/31       EV: 32    Int: 19    God:    Dithmenos [******]
Gold:   1285       SH:  0    Dex: 21    Spells: 11 memorised, 10 levels left

rFire  . . .     SeeInvis +     w - +5 short sword of False Accusations {pierce, Str+10}
rCold  . . .     Clarity  .     b - +1 robe
rNeg   . . .     SustAt   .     (shield restricted)
rPois  +         Gourm    .     (helmet restricted)
rElec  .         Spirit   .     (no cloak)
rCorr  .         Warding  .     (gloves unavailable)
rMut   .         NoTele   +     (boots unavailable)
MR     +....                    (no amulet)
Stlth  ++++++++++               t - ring "Xufimp" {rPois Dex+3 Stlth-}
                                l - ring of flight

@: very slightly contaminated, wreathed by umbra, very quick, somewhat resistant
to hostile enchantments, uncannily stealthy
A: unfitting armour, see invisible, herbivore 3, speed 3, slow metabolism 2
a: Shadow Step, Shadow Form, Renounce Religion, Evoke Flight


You were in the Dungeon.
You worshipped Dithmenos.
Dithmenos was exalted by your worship.
You were not hungry.

You visited 1 branch You collected 2960 gold pieces.
You spent 1675 gold pieces at shops.

Inventory:

Hand weapons
 a - a +2 dagger (quivered)
 m - a +0 blowgun
 n - a +0 short sword of distortion
 s - the +5 blowgun "Tieqiulo" {evade, rF+ Str+2}
   (You bought it in a shop in the Dungeon)

   It affects your evasion (+5 to EV).
   It affects your strength (+2).
   It protects you from fire.
 w - the +5 short sword of False Accusations (weapon) {pierce, Str+10}
   (You bought it in a shop in the Dungeon)

   It inflicts extra damage upon your enemies.
   It affects your strength (+10).
 y - a +1 mace of protection
Missiles
 o - 4 curare-tipped needles
 u - a throwing net
Armour
 b - a +1 robe (worn)
Jewellery
 l - a ring of flight (left hand)
 t - the ring "Xufimp" (right hand) {rPois Dex+3 Stlth-}
   (You bought it in a shop in the Dungeon)

   [ring of loudness]

   It affects your dexterity (+3).
   It protects you from poison.
   It makes you less stealthy.
Magical devices
 p - a wand of draining (11)
Scrolls
 j - 2 scrolls of blinking
 v - a scroll of magic mapping
Potions
 e - 5 potions of curing
 g - a potion of haste
 h - 2 potions of magic
 i - a potion of berserk rage
 x - a potion of might {unknown}
Books
 c - a book of Maledictions

   Spells                             Type                      Level
   a - Corona                         Hexes                        1
   b - Ensorcelled Hibernation        Hexes/Ice                    2
   c - Confuse                        Hexes                        3
   d - Tukima's Dance                 Hexes                        3
   e - Dazzling Spray                 Conjuration/Hexes            3
 q - a Grand Grimoire {highlevel, unknown}

   This book is beyond your current level of understanding.

   Spells                             Type                      Level
   a - Monstrous Menagerie            Summoning                    6
   b - Summon Greater Demon           Summoning                    7
   c - Malign Gateway                 Summoning/Translocation      7
   d - Summon Horrible Things         Summoning                    8
 r - a book of Geomancy

   Spells                             Type                      Level
   a - Sandblast                      Earth                        1
   b - Stoneskin                      Transmutation/Earth          2
   c - Passwall                       Transmutation/Earth          3
   d - Stone Arrow                    Conjuration/Earth            3
   e - Petrify                        Transmutation/Earth          4
   f - Lee's Rapid Deconstruction     Earth                        5
Comestibles
 d - a bread ration


   Skills:
 + Level 10.8 Short Blades
 + Level 13.8 Dodging
 * Level 19.3 Stealth
 * Level 15.3 Spellcasting
 + Level 6.4 Conjurations
 + Level 11.6 Hexes
 + Level 5.9 Transmutations
 + Level 7.9 Ice Magic
 + Level 4.4 Earth Magic
 + Level 8.1 Invocations
 + Level 8.8 Evocations


You had 10 spell levels left.
You knew the following spells:

 Your Spells              Type           Power        Failure   Level  Hunger
a - Corona                Hex            ######.      1%          1    None
b - Ensorcelled Hibernat  Hex/Ice        ######       1%          2    None
c - Confuse               Hex            ######..     1%          3    None
d - Tukima's Dance        Hex            ######..     1%          3    None
e - Dazzling Spray        Conj/Hex       #####...     1%          3    None
f - Passwall              Trmt/Erth      ####......   1%          3    None
g - Petrify               Trmt/Erth      ####....     6%          4    None
h - Lee's Rapid Deconstr  Erth           ####......   21%         5    ###....
i - Stoneskin             Trmt/Erth      ####....     1%          2    None
j - Stone Arrow           Conj/Erth      #####.       1%          3    None
k - Sandblast             Erth           ####..       1%          1    None


Dungeon Overview and Level Annotations

Branches:
Dungeon (1/1)

Altars:
Cheibriados
Dithmenos
Elyvilon
Fedhas
Gozag
Kikubaaqudgha
Makhleb
Nemelex Xobeh
Okawaru
Qazlal
Ru
Sif Muna
Trog
Vehumet
Xom
Yredelemnul
Zin
The Shining One
Jiyva

Shops:
D %*(*%(}}%:==((([(

Annotations:
D Norris


Innate Abilities, Weirdness & Mutations

You are tiny and cannot use many weapons and most armour.
You have supernaturally acute eyesight.
You are a herbivore.
You cover ground extremely quickly.
You need consume almost no food.


Message History

Norris hits you with a falchion of holy wrath!
You emit a cloud of dark smoke.
Casting: Lee's Rapid Deconstruction
Confirm with . or Enter, or press ? or * to list all spells.
Aiming: Confuse
Press: ? - help, Shift-Dir - straight line, f - Norris
Aim: Norris, wielding a falchion of holy wrath and wearing a buckler (black smoke, severely wounded, slightly transparent, umbra, chance to defeat MR: 0%)
Okay, then.
Unknown command.
Unknown command.
Casting: Confuse
Confirm with . or Enter, or press ? or * to list all spells.
Aiming: Dazzling Spray
Press: ? - help, Shift-Dir - straight line, f - Norris
Aim: Norris, wielding a falchion of holy wrath and wearing a buckler (black smoke, severely wounded, slightly transparent, umbra)
The spray of energy hits Norris.
Norris is almost dead.
Norris hits you with a falchion of holy wrath!!
Ouch! That really hurt!
You die...

################################*
#__#..'.§§#.)#§§§§§§§§§..'..#^.+,
'..'..#...##§#§####.§.§.##..+^^#,
#__####)..'..#§#@###§§.#######+#,
####§[#####..+§#@#§###+#:(|##,,*,
#≈§§§§#..##+####§§.§.#§##$$$#,,**
'§§§§§§..#§§§..#...§.#..###$#,,≈*
#§§§§§#..#§§§§.'.....##.#A#$#,,≈,
##'#####'###§§§#.....#..###$#,,≈,
#=.§.###§§.#...###''##.##..$#,,≈*
##'###.###.#..###§.###..#+###,,≈*
.....'.∩##.#..####..###...#,≈,,**


You could see Norris (invisible).

Vanquished Creatures
  A lorocyproca (D)
  A hydra (D)
  2 centaur warriors (D)
  Sonja (D)
  7 unseen horrors (D)
  A deep troll (D)
  A lindwurm (D)
  An oklob plant (D)
  A gargoyle (D)
  2 kobold demonologists (D)
  4 demonic crawlers (D)
  A slime creature (D)
  4 trapdoor spiders (D)
  Sigmund (D)
  A yak (D)
  13 hogs (D)
  7 necrophages (D)
  A wasp (D)
  An ogre (D)
  8 jellies (D)
  Ijyb (D)
  3 giant eyeballs (D)
  2 giant spores (D)
  10 ballistomycetes (D)
75 creatures vanquished.

Vanquished Creatures (others)
  A gargoyle (D)
1 creature vanquished.

Grand Total: 76 creatures vanquished

Notes
Turn   | Place    | Note
--------------------------------------------------------------
     0 | D        | Kidiri the Spriggan Enchanter began the quest for the Orb.
     0 | D        | Reached XP level 1. HP: 9/9 MP: 5/5
     2 | D        | Noticed Ijyb
    14 | D        | Killed Ijyb
    14 | D        | Reached skill level 6 in Stealth
    14 | D        | Reached XP level 2. HP: 7/13 MP: 1/8
    18 | D        | Learned a level 2 spell: Ensorcelled Hibernation
   165 | D        | Noticed an ogre
   168 | D        | Killed an ogre
   168 | D        | Reached skill level 8 in Stealth
   168 | D        | Reached skill level 5 in Spellcasting
   168 | D        | Reached skill level 5 in Hexes
   168 | D        | Reached skill level 1 in Ice Magic
   168 | D        | Reached XP level 3. HP: 16/16 MP: 9/11
   168 | D        | Reached XP level 4. HP: 21/21 MP: 9/12
   195 | D        | Noticed Sigmund
   201 | D        | Killed Sigmund
   201 | D        | Reached skill level 5 in Short Blades
   201 | D        | Reached skill level 10 in Stealth
   201 | D        | Reached XP level 5. HP: 16/24 MP: 4/16
   201 | D        | Reached XP level 6. HP: 18/28 MP: 4/17
   313 | D        | Found a snail-covered altar of Cheibriados.
   313 | D        | Found a shadowy altar of Dithmenos.
   313 | D        | Noticed a slime creature
   314 | D        | Found a viscous altar of Jiyva.
   314 | D        | Found a blossoming altar of Fedhas.
   334 | D        | Learned a level 3 spell: Confuse
   338 | D        | Learned a level 3 spell: Tukima's Dance
   342 | D        | Learned a level 3 spell: Dazzling Spray
   675 | D        | Killed a slime creature
   675 | D        | Reached skill level 11 in Stealth
   675 | D        | Reached skill level 1 in Conjurations
   688 | D        | Became a worshipper of Dithmenos the Shadowed
   714 | D        | Killed a gargoyle
   743 | D        | Found a deep blue altar of Sif Muna.
   744 | D        | Noticed a jelly
   745 | D        | Found a radiant altar of Vehumet.
   749 | D        | Killed a jelly
   786 | D        | Found Qupn's Assorted Antiques.
   786 | D        | Found a white marble altar of Elyvilon.
   786 | D        | Found a stormy altar of Qazlal.
   786 | D        | Found a burning altar of Makhleb.
   786 | D        | Found a sacrificial altar of Ru.
   786 | D        | Found a basalt altar of Yredelemnul.
   786 | D        | Found a glowing golden altar of the Shining One.
   786 | D        | Found a sparkling altar of Nemelex Xobeh.
   786 | D        | Found a shimmering altar of Xom.
   786 | D        | Found an opulent altar of Gozag.
   786 | D        | Found an ancient bone altar of Kikubaaqudgha.
   786 | D        | Found a glowing silver altar of Zin.
   786 | D        | Noticed a yak
   787 | D        | Found an iron altar of Okawaru.
   788 | D        | Killed a yak
   788 | D        | Reached skill level 12 in Stealth
   788 | D        | Reached skill level 1 in Invocations
   788 | D        | Reached XP level 7. HP: 32/32 MP: 18/20
   789 | D        | Found a bloodstained altar of Trog.
   794 | D        | Bought a scroll of blinking for 180 gold pieces
   794 | D        | Bought a notched onyx ring for 120 gold pieces
   794 | D        | Bought a potion of curing for 72 gold pieces
   809 | D        | Noticed Sonja
   814 | D        | Killed Sonja
   814 | D        | Reached skill level 13 in Stealth
   814 | D        | Reached skill level 10 in Spellcasting
   814 | D        | Reached XP level 8. HP: 36/36 MP: 19/23
   831 | D        | Found Joicviam's Food Boutique.
   851 | D        | Noticed a deep troll
   854 | D        | Killed a deep troll
   854 | D        | Reached skill level 10 in Dodging
   854 | D        | Reached skill level 14 in Stealth
   854 | D        | Reached skill level 5 in Ice Magic
   867 | D        | Found Wajeaham's Armour Emporium.
   900 | D        | Noticed a centaur warrior
   900 | D        | Noticed a centaur warrior
   902 | D        | Killed a centaur warrior
   902 | D        | Reached XP level 9. HP: 39/39 MP: 25/25
   904 | D        | Killed a centaur warrior
   904 | D        | Acquired Dithmenos's first power
   904 | D        | Reached skill level 15 in Stealth
   904 | D        | Reached skill level 5 in Invocations
   913 | D        | Noticed a wasp
   916 | D        | Killed a wasp
   928 | D        | Noticed an oklob plant
   930 | D        | Killed an oklob plant
   937 | D        | Noticed a trapdoor spider
   946 | D        | Killed a trapdoor spider
  1186 | D        | Noticed a trapdoor spider
  1190 | D        | Killed a trapdoor spider
  1190 | D        | Reached skill level 16 in Stealth
  1195 | D        | Noticed a trapdoor spider
  1197 | D        | Noticed a trapdoor spider
  1201 | D        | Killed a trapdoor spider
  1201 | D        | Acquired Dithmenos's second power
  1201 | D        | Reached skill level 5 in Evocations
  1201 | D        | Reached XP level 10. HP: 44/44 MP: 21/27
  1212 | D        | Killed a trapdoor spider
  1349 | D        | Noticed an unseen horror
  1350 | D        | Noticed an unseen horror
  1357 | D        | Killed an unseen horror
  1357 | D        | Reached skill level 10 in Hexes
  1359 | D        | Killed an unseen horror
  1359 | D        | Reached skill level 5 in Conjurations
  1361 | D        | Noticed a jelly
  1361 | D        | Noticed a jelly
  1361 | D        | Noticed a jelly
  1361 | D        | Noticed a jelly
  1361 | D        | Noticed a jelly
  1361 | D        | Noticed a jelly
  1361 | D        | Noticed a jelly
  1363 | D        | Killed a jelly
  1364 | D        | Killed a jelly
  1364 | D        | Acquired Dithmenos's third power
  1367 | D        | Noticed a necrophage
  1367 | D        | Noticed a necrophage
  1376 | D        | Killed a jelly
  1379 | D        | Killed a jelly
  1400 | D        | Killed a jelly
  1401 | D        | Killed a jelly
  1402 | D        | Noticed a necrophage
  1403 | D        | Killed a jelly
  1419 | D        | Killed a necrophage
  1436 | D        | Acquired Dithmenos's fourth power
  1455 | D        | Noticed a necrophage
  1455 | D        | Noticed a necrophage
  1455 | D        | Noticed a necrophage
  1455 | D        | Noticed a necrophage
  1457 | D        | Killed a necrophage
  1459 | D        | Killed a necrophage
  1459 | D        | Reached skill level 17 in Stealth
  1460 | D        | Killed a necrophage
  1462 | D        | Killed a necrophage
  1464 | D        | Killed a necrophage
  1466 | D        | Killed a necrophage
  1489 | D        | Found Erray's General Store.
  1489 | D        | Found Zyogrit's Weapon Shop.
  1489 | D        | Found Qupeq's Food Boutique.
  1491 | D        | Found Zicoewy's Antique Weapon Emporium.
  1491 | D        | Found Gergh's Gadget Shop.
  1491 | D        | Found Serriz's Gadget Shoppe.
  1491 | D        | Found Iwueraug's Food Boutique.
  1491 | D        | Found Ekolilif's Book Emporium.
  1491 | D        | Found Waariec's Jewellery Shop.
  1491 | D        | Found Kuesk's Jewellery Shoppe.
  1495 | D        | Found Afaphumm's Antique Weapon Boutique.
  1496 | D        | Found Efecreur's Antique Weapon Emporium.
  1496 | D        | Found Fadawecw's Antique Weapon Boutique.
  1497 | D        | Found Nuasifot's Antique Weapon Emporium.
  1500 | D        | Bought a book of Geomancy for 490 gold pieces
  1505 | D        | Bought a crystal blowgun for 187 gold pieces
  1505 | D        | Identified the +5 blowgun "Tieqiulo" {evade, rF+ Str+2} (You bought it in a shop in the Dungeon)
  1512 | D        | Bought the ring "Xufimp" {rPois Dex+3 Stlth-} for 350 gold pieces
  1575 | D        | Learned a level 3 spell: Passwall
  1580 | D        | Learned a level 4 spell: Petrify
  1586 | D        | Learned a level 5 spell: Lee's Rapid Deconstruction
  1589 | D        | Learned a level 2 spell: Stoneskin
  1593 | D        | Learned a level 3 spell: Stone Arrow
  1595 | D        | Learned a level 1 spell: Sandblast
  1595 | D        | Noticed a kobold demonologist
  1596 | D        | Noticed a kobold demonologist
  1598 | D        | Killed a kobold demonologist
  1598 | D        | Reached skill level 1 in Transmutations
  1601 | D        | Killed a kobold demonologist
  1601 | D        | Reached skill level 1 in Earth Magic
  1611 | D        | Noticed a demonic crawler
  1611 | D        | Noticed a demonic crawler
  1611 | D        | Noticed a demonic crawler
  1611 | D        | Noticed a demonic crawler
  1625 | D        | Killed a demonic crawler
  1635 | D        | Killed a demonic crawler
  1637 | D        | Killed a demonic crawler
  1652 | D        | Killed a demonic crawler
  1851 | D        | Noticed a lindwurm
  1853 | D        | Killed a lindwurm
  1853 | D        | Reached skill level 10 in Short Blades
  1853 | D        | Reached XP level 11. HP: 47/47 MP: 25/30
  1907 | D        | Noticed a hog
  1907 | D        | Noticed a hog
  1907 | D        | Noticed a hog
  1907 | D        | Noticed a hog
  1907 | D        | Noticed a hog
  1908 | D        | Noticed a hog
  1908 | D        | Noticed a hog
  1909 | D        | Killed a hog
  1910 | D        | Killed a hog
  1911 | D        | Noticed a hog
  1912 | D        | Noticed a hog
  1912 | D        | Noticed a hog
  1912 | D        | Noticed a hog
  1912 | D        | Noticed a hog
  1912 | D        | Noticed a hog
  1912 | D        | Killed a hog
  1913 | D        | Killed a hog
  1915 | D        | Killed a hog
  1917 | D        | Killed a hog
  1917 | D        | Reached skill level 18 in Stealth
  1928 | D        | Killed a hog
  1931 | D        | Killed a hog
  1934 | D        | Killed a hog
  1939 | D        | Killed a hog
  1944 | D        | Killed a hog
  1947 | D        | Killed a hog
  1962 | D        | Killed a hog
  2017 | D        | Noticed a 12-headed hydra
  2019 | D        | Killed a 12-headed hydra
  2110 | D        | Bought a scroll of magic mapping for 84 gold pieces
  2110 | D        | Bought a steaming short sword for 192 gold pieces
  2110 | D        | Identified the +5 short sword of False Accusations {pierce, Str+10} (You bought it in a shop in the Dungeon)
  2792 | D        | Noticed a gargoyle
  2812 | D        | Noticed a lorocyproca
  2813 | D        | Noticed Norris
  2817 | D        | Killed a lorocyproca
  3051 | D        | Noticed a daeva
  3054 | D        | Noticed an unseen horror
  3054 | D        | Noticed an unseen horror
  3054 | D        | Noticed an unseen horror
  3055 | D        | Noticed an unseen horror
  3057 | D        | Killed an unseen horror
  3057 | D        | Reached skill level 5 in Transmutations
  3058 | D        | Noticed an unseen horror
  3059 | D        | Killed an unseen horror
  3059 | D        | Reached skill level 15 in Spellcasting
  3060 | D        | Killed an unseen horror
  3060 | D        | Reached skill level 19 in Stealth
  3062 | D        | Killed an unseen horror
  3074 | D        | Killed an unseen horror
  3150 | D        | Killed a gargoyle
  3675 | D        | Slain by Norris

Vault maps used:
D:        dungeon_sprint_1

Action                   |  1- 3 |  4- 6 |  7- 9 | 10-12 || total
-------------------------+-------+-------+-------+-------++-------
Melee: Dagger            |     4 |     6 |    20 |    70 ||   100
       Short sword       |       |       |       |    51 ||    51
 Cast: Corona            |     4 |       |       |       ||     4
       Ensorcelled Hiber |       |    22 |     2 |    11 ||    35
       Dazzling Spray    |       |     1 |       |     9 ||    10
       Confuse           |       |       |     3 |     4 ||     7
       Passwall          |       |       |       |    15 ||    15
       Stoneskin         |       |       |       |     1 ||     1
       Lee's Rapid Decon |       |       |       |    11 ||    11
  Use: Scroll            |       |       |       |     2 ||     2
       Potion            |       |       |       |     2 ||     2
 Stab: Sleeping          |     2 |     6 |     6 |    39 ||    53
       Confused          |       |       |     4 |     3 ||     7
       Invisible         |       |       |       |     5 ||     5
  Eat: Fruit             |       |       |       |     4 ||     4
